 Dungeon Crawl Stone Soup version 0.26-a0-540-g8a0c9464d7 (webtiles) character file.

Game seed: 16994677647319551138

13 vurker the Sneak (level 2, 0/24 HPs)
             Began as a Formicid Delver on Aug 24, 2020.
             Succumbed to an adder's poison
             ... on level 3 of the Dungeon.
             The game lasted 00:00:51 (146 turns).

vurker the Sneak (Formicid Delver)                   Turns: 146, Time: 00:00:52

Health: 0/24       AC:  3    Str: 16    XL:     2   Next: 50%
Magic:  2/2        EV: 12    Int:  9    God:
Gold:   8          SH:  0    Dex: 12    Spells: 1/1 levels left

rFire    . . .     SeeInvis +   a - +0 hand axe
rCold    . . .     Faith    .   (no shield)
rNeg     . . .     Spirit   .   b - +0 leather armour
rPois    .         Reflect  .   (helmet unavailable)
rElec    .         Harm     .   (no cloak)
rCorr    .                      (no gloves)
MR       .....                  (no boots)
Stlth    +++.......             (no amulet)
HPRegen  0.08/turn              (no ring)
MPRegen  0.08/turn              (no ring)

@: lethally poisoned (0 -> -4)
A: permanent stasis, dig shafts and tunnels, four strong arms, antennae 3
a: Dig, Shaft Self


You were on level 3 of the Dungeon.
You visited 1 branch of the dungeon, and saw 3 of its levels.

You collected 8 gold pieces.

Inventory:

Hand Weapons
 a - a +0 hand axe (weapon)
Armour
 b - a +0 leather armour (worn)
Wands
 v - a wand of digging (3)
Scrolls
 c - a scroll of fog
 d - a scroll of magic mapping
 e - a scroll of fear
 f - a scroll of teleportation {unknown}
 g - a scroll of remove curse {unknown}


   Skills:
 + Level 3.5 Fighting
 * Level 2.6 Axes
 - Level 1.7 Dodging
 - Level 6.0 Stealth


You had one spell level left.
You didn't know any spells.
Your spell library was empty.

Dungeon Overview and Level Annotations

Branches:
Dungeon (5/15)
 Temple: D:4-7

Altars:
Vehumet

Annotations:
D:4 Blork the orc


Innate Abilities, Weirdness & Mutations

You cannot be hasted, slowed, berserked, paralysed or teleported.
You can dig through walls and to a lower floor.
Your four strong arms can wield two-handed weapons with a shield.
You have a pair of large antennae on your head. (SInv)


Message History

You extend your mandibles.
You dig through the rock wall.
The adder hisses angrily.
You dig through the rock wall.
The goblin hits you but does no damage.
You dig through the rock wall.
You dig through the rock wall.
You retract your mandibles.
You closely miss the goblin. The goblin barely misses you.
You hit the goblin. The goblin misses you.
You hit the goblin.
You kill the goblin!
You hit the orc but do no damage. The orc barely misses you.
You hit the orc. The orc hits you with a +0 morningstar.
* * * LOW HITPOINT WARNING * * *
You hit the orc. The orc hits you with a +0 morningstar.
* * * LOW HITPOINT WARNING * * *
You hit the orc but do no damage. The orc hits you but does no damage.
You barely miss the orc. The orc hits you with a +0 morningstar.
* * * LOW HITPOINT WARNING * * *
You barely miss the orc. The orc closely misses you.
You hit the orc.
You kill the orc!
The adder bites you.
* * * LOW HITPOINT WARNING * * *
You barely miss the adder. The adder closely misses you.
You hit the adder. The adder bites you.
* * * LOW HITPOINT WARNING * * *
You are lethally poisoned!
The adder poisons you! The adder bites you but does no damage.
You hit the adder.
* * * LOW HITPOINT WARNING * * *
You feel sick. The adder barely misses you.
You barely miss the adder.
* * * LOW HITPOINT WARNING * * *
You feel sick. The adder closely misses you. The adder barely misses you.
You slash the adder!
You kill the adder!
You have reached level 2!
No previous command to re-do.
No previous command to re-do.
No previous command to re-do.
No previous command to re-do.
You aren't carrying any potions.
You hit the orc wizard but do no damage.
* * * LOW HITPOINT WARNING * * *
You feel sick. The orc wizard barely misses you. x2
You closely miss the orc wizard. The orc wizard closely misses you.
Unknown command.
You hit the orc wizard.
You die...

##### ##...## ##.....##
#.......# #....._.# ##
#.......##### ### .##
##..........###@# .. ##
#...........##o#####.##..##
#..>........###.##.....#...
#...........####.##........
##....................S#
##...#........#...o.....#
#.###........#####...[...
#..##.........####..!#.##
##.#######.##...#..#...#


You could see an orc wizard.

Vanquished Creatures
  An adder (D:3)
  An orc (D:3)
  A goblin (D:3)
  A rat (D:3)
4 creatures vanquished.

Notes
Turn   | Place    | Note
-------+----------+-------------------------------------------
     0 | D:5      | vurker the Formicid Delver began the quest for the Orb.
     0 | D:5      | Reached XP level 1. HP: 18/18 MP: 1/1
    35 | D:4      | Noticed a worker ant
    49 | D:3      | Found a radiant altar of Vehumet.
   102 | D:4      | Noticed Blork the orc
   102 | D:4      | Noticed an orc priest
   120 | D:3      | Noticed an orc wizard
   143 | D:3      | Reached XP level 2. HP: 2/24 MP: 2/2
   144 | D:3      | HP: 1/24 [poisoned by an adder]
   146 | D:3      | Succumbed to an adder's poison

Illustrated notes

Levels and vault maps discovered:
D:3:      layout_rooms, overflow_temple_1_default, marbit_many_paths,
          fedhas_altar_3
D:4:      layout_basic, old_standard_altar, old_standard_altar,
          minmay_temple_entry_ruins, minmay_liquid_box,
          chequers_serial_rivers_small_b, eino_tiny_chamber,
          cheibrodos_gnoll_hut, uniq_blork_the_orc
D:5:      wander_river, layout_loops_cross, nicolae_ossuary_entry_plus

Action                   || total
-------------------------++-------
Melee: Hand axe          ||    20
 Abil: Dig               ||     1
 Stab: Sleeping          ||     1
Armor: Leather armour    ||     2
Dodge: Dodged            ||    12

Table legend: (Time is in decaauts)
 A = Elapsed time spent in this place.
 B = Non-inter-level travel time spent in this place.
 C = Inter-level travel time spent in this place.
 D = Time resting spent in this place.
 E = Time spent auto-exploring this place.
 F = Levels seen in this place.
 G = Mean time per level.
                   A        B        C        D        E       F      G
               +--------+--------+--------+--------+--------+-----+--------+
         Total |    150 |    150 |      0 |      6 |     40 |   3 |   50.0 |
       Dungeon |    150 |    150 |      0 |      6 |     40 |   3 |   50.0 |
               +--------+--------+--------+--------+--------+-----+--------+

Top non-repeatable levels by time:
     D:3: 99 daAuts
     D:5: 35 daAuts
     D:4: 16 daAuts
